 Dungeon Sprint DCSS version 0.28-a0-941-g140ffa10cf (webtiles) character file.

Game seed: 1915741492817854887

20600000 Turgor the Axe Maniac (level 27, -1/228 HPs)
             Began as a Djinni Warper on Nov 29, 2021.
             Was the Champion of Makhleb.
             Slain by a destroyer (49 damage)
             ... in the Dungeon (Sprint VIII: "Arena of Blood").
             The game lasted 00:20:05 (206 turns).

Turgor the Axe Maniac (Djinni Warper)                Turns: 206, Time: 00:20:06

Health: -1/228     AC:  6    Str: 10    XL:     27
Gold:   0          EV: 26    Int: 26    God:    Makhleb [******] SH:  0 Dex: 15

rFire   + + .      SeeInvis +   i - +∞ Axe of Woe
rCold   x . .      Faith    .   (shield currently unavailable)
rNeg    . . .      Spirit   .   b - +0 leather armour
rPois   ∞          Reflect  .   (no helmet)
rElec   .          Harm     .   (no cloak)
rCorr   .          Rampage  .   (no gloves)
Will    ++...      NoTele   +   (boots unavailable)
Stlth   +++++++++.              (no amulet)
HPRegen 0.48/turn               j - ring of see invisible
MPRegen 0.00/turn               (no ring)

@: flying
A: sickness immunity, fire resistance 2, cold vulnerability 1, float, innate
caster, hp casting, extra vitality 1
a: Renounce Religion, Minor Destruction, Lesser Servant of Makhleb, Major
Destruction, Greater Servant of Makhleb


You were in the Dungeon.
You worshipped Makhleb.
Makhleb was exalted by your worship.
You visited 1 branch

Inventory:

Hand Weapons
 a - a +0 hand axe
 i - the +∞ Axe of Woe (weapon)
   (You found it in the Dungeon)
Missiles
 d - 5 boomerangs of dispersal (quivered)
Armour
 b - a +0 leather armour (worn)
Jewellery
 j - a ring of see invisible (left hand)
Scrolls
 c - 2 scrolls of blinking
Potions
 e - a potion of curing
 f - a potion of heal wounds
 h - a potion of berserk rage


   Skills:
 O Level 27 Fighting
 O Level 27 Short Blades
 O Level 27 Long Blades
 O Level 27 Axes
 O Level 27 Maces & Flails
 O Level 27 Polearms
 O Level 27 Staves
 O Level 27 Slings
 O Level 27 Bows
 O Level 27 Crossbows
 O Level 27 Throwing
 O Level 27 Armour
 O Level 27 Dodging
 O Level 27 Stealth
 O Level 27 Shields
 O Level 27 Unarmed Combat
 O Level 27 Spellcasting
 O Level 27 Invocations
 O Level 27 Evocations


You couldn't memorise any spells.
You knew the following spells:

 Your Spells              Type           Power      Damage    Failure   Level
a - Blink                 Tloc           100%       N/A       0%          2
b - Lesser Beckoning      Tloc           100%       N/A       0%          3
c - Gell's Gravitas       Tloc           100%       N/A       0%          3
d - Teleport Other        Tloc           100%       N/A       0%          3
e - Manifold Assault      Tloc           100%       N/A       0%          5
f - Foxfire               Conj/Fire      100%       2x1d9     0%          1
g - Ensorcelled Hibernat  Hex/Ice        100%       N/A       0%          2
h - Call Canine Familiar  Summ           100%       N/A       0%          3
i - Sticky Flame          Conj/Fire      100%       2d11      0%          4
j - Dispel Undead         Necr           100%       3d31      0%          4
k - Summon Mana Viper     Hex/Summ       100%       N/A       0%          5
l - Eringya's Noxious Bo  Tmut/Pois      54%        N/A       0%          6
m - Ozocubu's Refrigerat  Ice            54%        4d15      0%          7
n - Conjure Ball Lightni  Conj/Air       54%        3x3d20    0%          6
o - Summon Hydra          Summ           54%        N/A       0%          7
p - Spellforged Servitor  Conj/Summ      54%        N/A       0%          7
q - Summon Horrible Thin  Summ           54%        N/A       1%          8
r - Fire Storm            Conj/Fire      54%        8d14      1%          9
Your spell library was empty.

Dungeon Overview and Level Annotations

Branches:
Dungeon (1/1)

Altars:
Makhleb


Innate Abilities, Weirdness & Mutations

You are immune to sickness and miasma.
You are immune to poison.
Your flesh is very heat resistant. (rF++)
You are vulnerable to cold. (rC-)
You float through the air rather than walking.
You learn spells naturally, not from books.
Your magical power is your life essence.
You have superior vitality. (+4 HP)


Message History

You kill the scourge!
Makhleb accepts your kill.
You hear a roar!
A scourge comes into view.
You hear a shout! x2
An ogre and a lich come into view.
The dread appears out of thin air!
A dread comes into view.
An observer comes into view.
You hear a shout!
The destroyer casts a spell at you.
The destroyer blinks!
You hear a shout!
You hear an angry hiss.
Casting: Manifold Assault (safe; 0% risk of failure)
Confirm with . or Enter, or press ? or * to list all spells.
Space momentarily warps into an impossible shape!
The scourge hisses angrily.
You hit the tyrant but do no damage. You chop the tyrant into pieces.
You destroy the tyrant!
Makhleb accepts your kill.
You feel better.
You slice the observer!!
You fatally mangle the observer.
You kill the observer!
Makhleb accepts your kill.
You slice the dread like a ripe choko!!!
You cleave the dread in twain.
You destroy the dread!
Makhleb accepts your kill.
You slice the meat berserker!!
You pulverise the meat berserker into a thin bloody mist.
You kill the meat berserker!
Makhleb accepts your kill.
The eight-headed meat hydra appears out of thin air!
An eight-headed meat hydra comes into view.
You hear a shout!
The scourge breathes poison at you.
You hear a shout! x2
A scourge comes into view.
The destroyer hits you with a +9 vorpal great sword!!!!!
Ouch! That really hurt!
* * * LOW HITPOINT WARNING * * *
You die...

.. ...## .# .#####...... ..
........... . ##.##......)...
................ ...
....#.#.......# .....
.........)..####.....
..).§§☼@..†..........
S†)○☼§§V)....).....#) .....
S☼☼)§○§)....)..).))). ....).
..)).)..☼.)...†.))))#. ...)..
#).)))..#)....).))).). ..#..)
#†...)..#...)†.).)..##
.....)###.))...)###..†))....).
..†.))..)).###.))....)D)..)###
..)#).)..).._).)....)))).)..).


You could see an eight-headed meat hydra (wandering), a destroyer and 2
scourges.

Vanquished Creatures
  24 hell knights (D)
  Sigmund (D)
  23 hell beasts (D)
  Edmund (D)
  15 royal mummies (D)
  17 great orbs of eyes (D)
  22 wraiths (D)
  Harold (D)
  24 vampire knights (D)
  53 ogres (D)
  15 two-headed ogres (D)
  12 liches (D)
  22 hydras (D)
  105 orcs (D)
  19 phantoms (D)
  14 skeletal warriors (D)
  17 sea snakes (D)
385 creatures vanquished.

Notes
Turn   | Place    | Note
-------+----------+-------------------------------------------
     0 | D        | Found the +∞ Axe of Woe
     0 | D        | Turgor the Djinni Warper began the quest for the Orb.
     0 | D        | Reached XP level 1. HP: 18/18 MP: 0/0
     3 | D        | Noticed a bag of meat
     4 | D        | Became a worshipper of Makhleb the Destroyer
     5 | D        | Noticed a bag of meat
     5 | D        | Noticed a meat berserker
     6 | D        | Killed a meat berserker
     7 | D        | Reached XP level 2. HP: 40/40 MP: 0/0
     7 | D        | Reached XP level 3. HP: 46/46 MP: 0/0
     7 | D        | Learned a level 1 spell: Foxfire
     7 | D        | Reached XP level 4. HP: 52/52 MP: 0/0
     7 | D        | Reached XP level 5. HP: 58/58 MP: 0/0
     7 | D        | Learned a level 2 spell: Ensorcelled Hibernation
     7 | D        | Reached XP level 6. HP: 64/64 MP: 0/0
     7 | D        | Reached XP level 7. HP: 69/69 MP: 0/0
     7 | D        | Learned a level 3 spell: Call Canine Familiar
     7 | D        | Reached XP level 8. HP: 76/76 MP: 0/0
     7 | D        | Reached XP level 9. HP: 81/81 MP: 0/0
     7 | D        | Learned a level 4 spell: Sticky Flame
     7 | D        | Reached XP level 10. HP: 87/87 MP: 0/0
     7 | D        | Reached XP level 11. HP: 93/93 MP: 0/0
     7 | D        | Learned a level 4 spell: Dispel Undead
     7 | D        | Reached XP level 12. HP: 99/99 MP: 0/0
     7 | D        | Killed a bag of meat
     7 | D        | Reached * piety under Makhleb
     7 | D        | Killed a bag of meat
     8 | D        | Reached skill level 15 in Fighting
     8 | D        | Reached XP level 13. HP: 103/109 MP: 0/0
     8 | D        | Learned a level 5 spell: Summon Mana Viper
     8 | D        | Noticed a bag of meat
     8 | D        | Noticed a bag of meat
     8 | D        | Noticed a bag of meat
     8 | D        | Noticed a bag of meat
     9 | D        | Noticed a bag of meat
     9 | D        | Noticed a bag of meat
    10 | D        | Noticed a bag of meat
    10 | D        | Noticed a meat berserker
    10 | D        | Noticed a bag of meat
    10 | D        | Noticed a bag of meat
    11 | D        | Killed a bag of meat
    11 | D        | Killed a bag of meat
    11 | D        | Reached ** piety under Makhleb
    11 | D        | Killed a bag of meat
    12 | D        | Reached XP level 14. HP: 121/121 MP: 0/0
    12 | D        | Noticed a meat berserker
    12 | D        | Killed a bag of meat
    12 | D        | Killed a meat berserker
    12 | D        | Reached *** piety under Makhleb
    12 | D        | Killed a bag of meat
    12 | D        | Killed a meat berserker
    12 | D        | Noticed a bag of meat
    12 | D        | Noticed a bag of meat
    12 | D        | Noticed a bag of meat
    12 | D        | Noticed a bag of meat
    13 | D        | Reached XP level 15. HP: 133/133 MP: 0/0
    13 | D        | Learned a level 6 spell: Eringya's Noxious Bog
    13 | D        | Reached XP level 16. HP: 140/140 MP: 0/0
    13 | D        | Reached **** piety under Makhleb
    14 | D        | Reached XP level 17. HP: 148/148 MP: 0/0
    14 | D        | Learned a level 7 spell: Ozocubu's Refrigeration
    14 | D        | Reached ***** piety under Makhleb
    15 | D        | Reached skill level 10 in Invocations
    15 | D        | Noticed a meat berserker
    15 | D        | Noticed a large bag of meat
    16 | D        | Reached skill level 27 in Axes
    16 | D        | Reached skill level 10 in Throwing
    16 | D        | Reached XP level 18. HP: 159/159 MP: 0/0
    16 | D        | Killed a meat berserker
    16 | D        | Killed a large bag of meat
    16 | D        | Reached ****** piety under Makhleb
    17 | D        | Reached skill level 27 in Dodging
    18 | D        | Reached skill level 15 in Throwing
    18 | D        | Reached XP level 19. HP: 173/173 MP: 0/0
    18 | D        | Learned a level 6 spell: Conjure Ball Lightning
    18 | D        | Noticed a meat berserker
    18 | D        | Noticed a large bag of meat
    19 | D        | Killed a meat berserker
    19 | D        | Killed a large bag of meat
    20 | D        | Reached skill level 27 in Fighting
    20 | D        | Reached XP level 20. HP: 170/181 MP: 0/0
    21 | D        | Noticed a destroyer
    22 | D        | Noticed a destroyer
    23 | D        | Killed a destroyer
    23 | D        | Killed a destroyer
    24 | D        | Noticed a large bag of meat
    25 | D        | Noticed a meat berserker
    26 | D        | Killed a meat berserker
    26 | D        | Killed a large bag of meat
    26 | D        | Noticed a meat berserker
    27 | D        | Reached skill level 27 in Spellcasting
    27 | D        | Reached skill level 27 in Invocations
    27 | D        | Reached XP level 21. HP: 187/187 MP: 0/0
    27 | D        | Learned a level 7 spell: Summon Hydra
    28 | D        | Noticed a large bag of meat
    29 | D        | Noticed The Servant
    29 | D        | Killed a meat berserker
    29 | D        | Killed The Servant
    29 | D        | Killed a large bag of meat
    29 | D        | Noticed a destroyer
    29 | D        | Noticed a destroyer
    29 | D        | Noticed a meat berserker
    30 | D        | Reached skill level 27 in Throwing
    30 | D        | Reached XP level 22. HP: 194/194 MP: 0/0
    30 | D        | Killed a destroyer
    30 | D        | Killed a meat berserker
    30 | D        | Killed a destroyer
    31 | D        | Reached skill level 27 in Stealth
    31 | D        | Reached XP level 23. HP: 201/201 MP: 0/0
    31 | D        | Learned a level 7 spell: Spellforged Servitor
    34 | D        | Reached skill level 27 in Armour
    34 | D        | Reached skill level 5 in Maces & Flails
    34 | D        | Reached skill level 5 in Polearms
    34 | D        | Reached skill level 5 in Slings
    34 | D        | Reached skill level 5 in Bows
    34 | D        | Reached skill level 5 in Crossbows
    40 | D        | Noticed a large bag of meat
    41 | D        | Reached skill level 10 in Shields
    41 | D        | Reached skill level 10 in Unarmed Combat
    41 | D        | Reached skill level 10 in Evocations
    41 | D        | Reached XP level 24. HP: 208/208 MP: 0/0
    44 | D        | Noticed a destroyer
    45 | D        | Killed a destroyer
    45 | D        | Killed a large bag of meat
    48 | D        | Noticed an accursed
    50 | D        | Reached skill level 15 in Shields
    50 | D        | Reached skill level 15 in Unarmed Combat
    50 | D        | Reached skill level 15 in Evocations
    50 | D        | Reached XP level 25. HP: 214/214 MP: 0/0
    50 | D        | Learned a level 8 spell: Summon Horrible Things
    50 | D        | Killed an accursed
    51 | D        | Reached skill level 15 in Maces & Flails
    51 | D        | Reached skill level 15 in Polearms
    51 | D        | Reached skill level 15 in Slings
    51 | D        | Reached skill level 15 in Bows
    51 | D        | Reached skill level 15 in Crossbows
    51 | D        | Noticed a destroyer
    51 | D        | Noticed a destroyer
    51 | D        | Noticed a destroyer
    52 | D        | Killed a destroyer
    52 | D        | Killed a destroyer
    52 | D        | Noticed an accursed
    52 | D        | Noticed a large bag of meat
    53 | D        | Reached XP level 26. HP: 221/221 MP: 0/0
    53 | D        | Killed a large bag of meat
    53 | D        | Killed an accursed
    54 | D        | Reached XP level 27. HP: 115/228 MP: 0/0
    54 | D        | Learned a level 9 spell: Fire Storm
    54 | D        | Killed a destroyer
    55 | D        | Noticed a destroyer
    58 | D        | Killed a destroyer
    58 | D        | Noticed a tyrant
    59 | D        | Killed a tyrant
    64 | D        | Noticed a meat beast
    64 | D        | Noticed a destroyer
    65 | D        | Killed a destroyer
    65 | D        | Killed a meat beast
    68 | D        | Noticed a dread
    68 | D        | Killed a dread
    69 | D        | Reached skill level 27 in Shields
    69 | D        | Reached skill level 27 in Unarmed Combat
    69 | D        | Reached skill level 27 in Evocations
    70 | D        | Noticed a large bag of meat
    70 | D        | Noticed a destroyer
    70 | D        | Noticed a meat beast
    70 | D        | Noticed a meat beast
    71 | D        | Killed a meat beast
    71 | D        | Killed a meat beast
    71 | D        | Noticed an accursed
    72 | D        | Reached skill level 27 in Short Blades
    72 | D        | Reached skill level 27 in Long Blades
    72 | D        | Reached skill level 27 in Maces & Flails
    72 | D        | Reached skill level 27 in Polearms
    72 | D        | Reached skill level 27 in Staves
    72 | D        | Reached skill level 27 in Slings
    72 | D        | Reached skill level 27 in Bows
    72 | D        | Reached skill level 27 in Crossbows
    72 | D        | Killed a large bag of meat
    72 | D        | Killed an accursed
    73 | D        | Killed a destroyer
    76 | D        | Noticed a destroyer
    77 | D        | Killed a destroyer
    77 | D        | Noticed a large bag of meat
    79 | D        | Killed a large bag of meat
    80 | D        | Noticed a destroyer
    81 | D        | Noticed an accursed
    82 | D        | Killed a destroyer
    83 | D        | Noticed a dread
    84 | D        | Killed a dread
    84 | D        | Noticed a meat beast
    85 | D        | Killed a meat beast
    86 | D        | Killed an accursed
    87 | D        | Noticed a destroyer
    88 | D        | Killed a destroyer
    89 | D        | Noticed a large bag of meat
    90 | D        | Killed a large bag of meat
    92 | D        | Noticed a meat beast
    92 | D        | Killed a meat beast
    92 | D        | Noticed a destroyer
    93 | D        | Killed a destroyer
    93 | D        | Noticed a tyrant
    94 | D        | Killed a tyrant
    94 | D        | Noticed a meat beast
    95 | D        | Killed a meat beast
    96 | D        | Noticed a meat beast
    97 | D        | Killed a meat beast
    98 | D        | Noticed an accursed
    99 | D        | Killed an accursed
   100 | D        | Noticed a tyrant
   101 | D        | Noticed an accursed
   101 | D        | Noticed an accursed
   101 | D        | Killed an accursed
   101 | D        | Killed an accursed
   102 | D        | Killed a tyrant
   102 | D        | Noticed The Defiler
   102 | D        | Noticed a tyrant
   103 | D        | Killed The Defiler
   103 | D        | Killed a tyrant
   108 | D        | Noticed a dread
   108 | D        | Noticed a tyrant
   108 | D        | Noticed a dread
   109 | D        | Killed a tyrant
   109 | D        | Killed a dread
   109 | D        | Killed a dread
   117 | D        | Noticed a meat beast
   119 | D        | Killed a meat beast
   120 | D        | Noticed a dread
   120 | D        | Noticed a dread
   121 | D        | Killed a dread
   121 | D        | Killed a dread
   122 | D        | Noticed a destroyer
   122 | D        | Noticed a large bag of meat
   122 | D        | Noticed a meat beast
   123 | D        | Killed a destroyer
   123 | D        | Killed a meat beast
   124 | D        | Killed a large bag of meat
   125 | D        | Noticed a fleshlord
   125 | D        | Noticed a fleshlord
   125 | D        | Killed a fleshlord
   125 | D        | Killed a fleshlord
   125 | D        | Noticed a meat beast
   126 | D        | Killed a meat beast
   126 | D        | Noticed a tyrant
   127 | D        | Killed a tyrant
   127 | D        | Noticed a fleshlord
   128 | D        | Killed a fleshlord
   129 | D        | Noticed a meat beast
   130 | D        | Killed a meat beast
   131 | D        | Noticed an accursed
   131 | D        | Noticed a dread
   131 | D        | Noticed a tyrant
   132 | D        | Killed a tyrant
   132 | D        | Killed a dread
   132 | D        | Noticed a meat beast
   133 | D        | Killed an accursed
   133 | D        | Killed a meat beast
   135 | D        | Noticed a tyrant
   136 | D        | Killed a tyrant
   136 | D        | Noticed a fleshlord
   137 | D        | Killed a fleshlord
   138 | D        | Noticed a meat beast
   138 | D        | Noticed a meat beast
   139 | D        | Killed a meat beast
   139 | D        | Killed a meat beast
   139 | D        | Noticed a dread
   140 | D        | Noticed a fleshlord
   140 | D        | Noticed a large bag of meat
   141 | D        | Killed a large bag of meat
   141 | D        | Killed a fleshlord
   141 | D        | Killed a dread
   141 | D        | Noticed a meat beast
   142 | D        | Noticed a dread
   142 | D        | Killed a dread
   142 | D        | Killed a meat beast
   142 | D        | Noticed a fleshlord
   143 | D        | Killed a fleshlord
   143 | D        | Noticed a meat beast
   143 | D        | Noticed a fleshlord
   144 | D        | Killed a meat beast
   144 | D        | Killed a fleshlord
   145 | D        | Noticed a tyrant
   146 | D        | Killed a tyrant
   146 | D        | Noticed a tyrant
   146 | D        | Noticed a dread
   147 | D        | Killed a dread
   147 | D        | Killed a tyrant
   147 | D        | Noticed a fleshlord
   148 | D        | Killed a fleshlord
   150 | D        | Noticed an accursed
   150 | D        | Noticed a large bag of meat
   150 | D        | Noticed a destroyer
   150 | D        | Noticed a fleshlord
   151 | D        | Killed an accursed
   151 | D        | Killed a large bag of meat
   151 | D        | Noticed an accursed
   151 | D        | Noticed a meat beast
   152 | D        | Noticed a destroyer
   152 | D        | Killed a fleshlord
   152 | D        | Killed an accursed
   152 | D        | Noticed a meat beast
   152 | D        | Noticed a large bag of meat
   152 | D        | Noticed a dread
   153 | D        | Killed a meat beast
   153 | D        | Killed a dread
   153 | D        | Noticed The Captor
   153 | D        | Noticed an accursed
   154 | D        | Killed an accursed
   154 | D        | Killed a destroyer
   155 | D        | Killed The Captor
   155 | D        | Killed a large bag of meat
   156 | D        | Killed a destroyer
   157 | D        | Killed a meat beast
   157 | D        | Noticed a meat beast
   157 | D        | Noticed an accursed
   158 | D        | Killed a meat beast
   158 | D        | Killed an accursed
   158 | D        | Noticed a tyrant
   159 | D        | Noticed a dread
   159 | D        | Killed a tyrant
   159 | D        | Killed a dread
   161 | D        | Noticed a large bag of meat
   162 | D        | Killed a large bag of meat
   163 | D        | Noticed a large bag of meat
   164 | D        | Noticed an accursed
   164 | D        | Noticed an accursed
   164 | D        | Noticed a meat beast
   164 | D        | Noticed a meat beast
   165 | D        | Killed a meat beast
   165 | D        | Noticed a destroyer
   165 | D        | Noticed a destroyer
   166 | D        | Killed an accursed
   166 | D        | Killed a meat beast
   167 | D        | Noticed a dread
   167 | D        | Killed a dread
   167 | D        | Killed an accursed
   168 | D        | Killed a destroyer
   168 | D        | Killed a large bag of meat
   168 | D        | Noticed a meat beast
   168 | D        | Noticed a destroyer
   169 | D        | Killed a destroyer
   170 | D        | Noticed a dread
   170 | D        | Noticed a fleshlord
   171 | D        | Killed a fleshlord
   171 | D        | Noticed a dread
   172 | D        | Killed a dread
   172 | D        | Killed a meat beast
   172 | D        | Noticed a fleshlord
   172 | D        | Noticed a destroyer
   173 | D        | Killed a fleshlord
   173 | D        | Noticed a dread
   173 | D        | Noticed an accursed
   174 | D        | Killed a destroyer
   174 | D        | Killed a dread
   174 | D        | Killed a dread
   174 | D        | Noticed a dread
   174 | D        | Noticed a destroyer
   175 | D        | Noticed a fleshlord
   175 | D        | Killed a fleshlord
   175 | D        | Killed a dread
   175 | D        | Killed a destroyer
   176 | D        | Killed a destroyer
   176 | D        | Killed an accursed
   176 | D        | Noticed a dread
   177 | D        | Killed a dread
   178 | D        | Noticed a fleshlord
   178 | D        | Noticed a destroyer
   179 | D        | Killed a destroyer
   179 | D        | Killed a fleshlord
   179 | D        | Noticed a fleshlord
   180 | D        | Killed a fleshlord
   182 | D        | Noticed a dread
   182 | D        | Noticed a fleshlord
   182 | D        | Noticed a fleshlord
   183 | D        | Killed a fleshlord
   183 | D        | Killed a fleshlord
   184 | D        | Noticed a fleshlord
   185 | D        | Killed a dread
   185 | D        | Killed a fleshlord
   187 | D        | Noticed a fleshlord
   188 | D        | Killed a fleshlord
   189 | D        | Noticed a dread
   193 | D        | Noticed a dread
   194 | D        | Killed a dread
   196 | D        | Killed a dread
   197 | D        | Noticed a fleshlord
   197 | D        | Noticed a fleshlord
   198 | D        | Killed a fleshlord
   198 | D        | Killed a fleshlord
   199 | D        | Noticed a destroyer
   200 | D        | Noticed a fleshlord
   200 | D        | Noticed a fleshlord
   200 | D        | Killed a fleshlord
   200 | D        | Noticed a fleshlord
   200 | D        | Noticed a fleshlord
   201 | D        | Killed a fleshlord
   201 | D        | Killed a fleshlord
   202 | D        | Killed a fleshlord
   203 | D        | Noticed a meat beast
   204 | D        | Killed a meat beast
   205 | D        | Noticed a tyrant
   206 | D        | Noticed a dread
   206 | D        | Killed a tyrant
   206 | D        | Killed a dread
   206 | D        | Slain by a destroyer

Illustrated notes

Levels and vault maps discovered:
D:        meatsprint

Skill      XL: |  1  2  3  4  5  6  7  8  9 10 11 12 13 14 15 16 17 18 19 20 21 22 23 24 25 26 27 |
---------------+----------------------------------------------------------------------------------+-----
Fighting       | 13 15 18 21 22 23 26 27 | 27.0
Axes           | 16 18 21 24 25 27 | 27.0
Dodging        | 14 17 19 22 24 25 27 | 27.0
Spellcasting   | 11 12 14 16 17 19 21 23 27 | 27.0
Throwing       | 6 10 15 19 25 27 | 27.0
Invocations    | 8 12 18 22 27 | 27.0
Stealth        | 12 25 27 | 27.0
Armour         | 25 27 | 27.0
Short Blades   | 9 13 18 20 27 | 27.0
Long Blades    | 9 13 18 20 27 | 27.0
Maces & Flails | 8 12 16 18 27 | 27.0
Polearms       | 8 12 16 18 27 | 27.0
Staves         | 9 13 18 20 27 | 27.0
Slings         | 8 12 16 18 27 | 27.0
Bows           | 8 12 16 18 27 | 27.0
Crossbows      | 8 12 16 18 27 | 27.0
Shields        | 10 15 19 21 27 | 27.0
Unarmed Combat | 10 15 19 21 27 | 27.0
Evocations     | 10 15 19 21 27 | 27.0

Action                   |  1- 3 |  4- 6 |  7- 9 | 10-12 | 13-15 | 16-18 | 19-21 | 22-24 | 25-27 || total
-------------------------+-------+-------+-------+-------+-------+-------+-------+-------+-------++-------
Melee: Executioner's axe |     1 |       |       |     2 |     7 |    14 |    13 |    18 |   330 ||   385
 Cast: Manifold Assault  |       |       |       |     1 |     2 |     5 |     5 |     6 |   115 ||   134
  Use: Potion            |       |       |       |       |       |       |       |       |     1 ||     1
 Stab: Distracted        |       |       |       |       |       |       |       |     1 |       ||     1
Armor: Leather armour    |       |       |       |       |       |       |       |       |     1 ||     1
Dodge: Dodged            |       |       |       |       |       |       |       |       |     2 ||     2

Table legend: (Time is in decaauts)
 A = Elapsed time spent in this place.
 B = Non-inter-level travel time spent in this place.
 C = Inter-level travel time spent in this place.
 D = Time resting spent in this place.
 E = Time spent auto-exploring this place.
 F = Levels seen in this place.
 G = Mean time per level.
                   A        B        C        D        E       F      G
               +--------+--------+--------+--------+--------+-----+--------+
         Total |    160 |    160 |      0 |      0 |      0 |   1 |  160.0 |
       Dungeon |    160 |    160 |      0 |      0 |      0 |   1 |  160.0 |
               +--------+--------+--------+--------+--------+-----+--------+

Top non-repeatable levels by time:
       D: 160 daAuts
